 Dungeon Crawl Stone Soup version 0.28.0-1-gb440e238dd (webtiles) character file.

Game seed: 18274974370863370577

1 lawman0 the Grasshopper (level 1, 16/16 HPs)
             Began as a Vampire Warper on Feb 19, 2022.
             Was a Follower of Trog.
             Quit the game on level 1 of the Dungeon.
             The game lasted 00:00:13 (83 turns).

lawman0 the Grasshopper (Vampire Warper)              Turns: 83, Time: 00:00:13

Health: 16/16      AC:  3    Str: 10    XL:     1   Next: 16%
Magic:  3/3        EV: 11    Int: 15    God:    Trog [*.....]
Gold:   0          SH:  0    Dex: 13    Spells: 4/4 levels left

rFire   . . .      SeeInvis +   a - +0 falchion
rCold   . . .      Faith    .   (no shield)
rNeg    . . .      Spirit   .   b - +0 leather armour
rPois   .          Reflect  .   (no helmet)
rElec   .          Harm     .   (no cloak)
rCorr   .          Rampage  .   (no gloves)
Will    .....                   (no boots)
Stlth   +.........              (no amulet)
HPRegen 0.25/turn               (no ring)
MPRegen 0.08/turn               (no ring)

@: healing quickly
A: alive, fangs 3, see invisible, vampiric 1
a: Exsanguinate, Renounce Religion, Berserk


You were on level 1 of the Dungeon.
You worshipped Trog.
Trog was aware of your devotion.
You visited 1 branch of the dungeon, and saw 1 of its levels.

Inventory:

Hand Weapons
 a - a +0 falchion (weapon)
Missiles
 d - 5 boomerangs of dispersal (quivered)
Armour
 b - a +0 leather armour (worn)
Scrolls
 c - a scroll of blinking
 e - a scroll of amnesia {unknown}
Potions
 f - a potion of magic {unknown}


   Skills:
 + Level 1.7 Fighting
 * Level 2.0 Long Blades
 + Level 0.7 Throwing
 + Level 0.7 Armour
 + Level 2.1 Dodging
 - Level 2.0 Spellcasting
 - Level 2.5 Translocations


You had 4 spell levels left.
You didn't know any spells.
Your spell library contained the following spells:

 Spells                   Type           Power      Damage    Failure   Level
 Blink                    Tloc           18%        N/A       16%         2
 Gell's Gravitas          Tloc           9%         N/A       32%         3
 Lesser Beckoning         Tloc           9%         N/A       32%         3
 Teleport Other           Tloc           9%         N/A       32%         3
 Manifold Assault         Tloc           9%         N/A       96%         5


Dungeon Overview and Level Annotations

Branches:
Dungeon (1/15)

Altars:
Trog


Innate Abilities, Weirdness & Mutations

Your natural rate of healing is accelerated.
You have razor-sharp teeth.
You have supernaturally acute eyesight. (SInv)
You are afflicted with vampirism.


Message History

Welcome, lawman0 the Vampire Warper.
Are you destined to find the transcendent Orb of Zot, or to die trying?
Press ? for a list of commands and other information.
Found a scroll labelled LERPHU XOANT and a hand axe.
Found a staircase leading out of the dungeon.
e - a scroll labelled LERPHU XOANT A bat comes into view.
A bat is nearby!
The bat barely misses you.
A bat is nearby!
You barely miss the bat. You bite the bat.
The bat is heavily wounded.
The bat hits you but does no damage. x2; The bat barely misses you.
You hit the bat.
The bat is heavily wounded.
The bat barely misses you.
A bat is nearby!
The bat closely misses you.
A bat is nearby!
You hit the bat.
You kill the bat!
You see here a bat corpse.
Found a faded altar of an unknown god.
No target in view!
f - an amethyst potion No target in view!
Key pressed, stopping explore.
No target in view!
Are you sure you want to abandon this character and quit the game? (Confirm with "yes".)
Okay, then.
There is a faded altar of an unknown god here.
You cannot tell which god this altar belongs to.
Convert to them anyway?
Trog accepts your prayer! Trog welcomes you!
You can now go berserk at will.
Are you sure you want to abandon this character and quit the game? (Confirm with "yes".)

......####.##.##.#
#. ..............#
#..####.##.....
#.# #### #†#
##.######
###.......#
#.......#.#
#.#..##.#@#
#.#.....#.#
#.#.##..#.#
#.#.##..#.#
#.........#
###.##.##.#
#.##.##.#
#.##.##.#
#.##.##.#


There were no monsters in sight!

Vanquished Creatures
  A bat (D:1)
1 creature vanquished.

Notes
Turn   | Place    | Note
-------+----------+-------------------------------------------
     0 | D:1      | lawman0 the Vampire Warper began the quest for the Orb.
     0 | D:1      | Reached XP level 1. HP: 16/16 MP: 3/3
    24 | D:1      | Found a faded altar of an unknown god.
    82 | D:1      | Prayed at the altar of an unknown god.
    82 | D:1      | Became a worshipper of Trog the Wrathful
    82 | D:1      | Reached * piety under Trog
    83 | D:1      | Quit the game

Illustrated notes

Levels and vault maps discovered:
D:1:      giann_bridges, layout_loops_cross, basic_ecumenical_altar,
          minmay_heptomino_d4

Action                   || total
-------------------------++-------
Melee: Falchion          ||     3
       Bite              ||     1
Armor: Leather armour    ||     2
Dodge: Dodged            ||     4
